[Event "ICC tourney 1979 (3 2)"]
[Site "Internet Chess Club"]
[Date "2020.08.28"]
[Round "1"]
[White "aryababu25"]
[Black "challenger2010"]
[Result "0-1"]
[ICCResult "White forfeits on time"]
[WhiteElo "1474"]
[BlackElo "2020"]
[Opening "Nimzo-Indian: Spielmann variation"]
[ECO "E22"]
[NIC "NI.30"]
[Time "20:06:25"]
[TimeControl "180+2"]

1. d4 Nf6 2. c4 e6 3. Nc3 Bb4 4. Qb3 Bxc3+ 5. Qxc3 O-O 6. Bg5 h6 7. Bh4 d6
8. Nf3 b6 9. e3 Bb7 10. Be2 Nbd7 11. O-O Qe7 12. Qd3 e5 13. d5 e4 14. Qd4
exf3 15. Bxf3 Qe5 16. Qd3 Nc5 17. Qd2 Nfe4 18. Qe2 g5 19. Bg3 Nxg3 20. hxg3
a5 21. Rab1 Bc8 22. Bh5 Bf5 23. Rbc1 Bd3 24. Qd2 Bxf1 25. Rxf1 a4 26. f4 Qg7
27. f5 Qe5 28. g4 f6 29. Rf3 a3 30. b3 Qb2 {White forfeits on time} 0-1

[Event "ICC tourney 1979 (3 2)"]
[Site "Internet Chess Club"]
[Date "2020.08.28"]
[Round "2"]
[White "Chesschamp27"]
[Black "ab4gm"]
[Result "1-0"]
[ICCResult "Black checkmated"]
[WhiteElo "1491"]
[BlackElo "1350"]
[Opening "Queen's pawn game, Chigorin variation"]
[ECO "D02"]
[NIC "QP.08"]
[Time "20:14:54"]
[TimeControl "180+2"]

1. d4 d5 2. Nf3 Nc6 3. e3 Nf6 4. Bd3 Bg4 5. c3 e6 6. h3 Bf5 7. Qe2 Bxd3 8.
Qxd3 Be7 9. Nbd2 Qd6 10. e4 dxe4 11. Nxe4 Nxe4 12. Qxe4 Bf6 13. Bf4 Qd7 14.
O-O-O O-O 15. Bg5 Bxg5+ 16. Nxg5 g6 17. Qh4 h5 18. g4 f6 19. Ne4 Qg7 20.
gxh5 gxh5 21. Rhg1 Qxg1 22. Rxg1+ Kf7 23. Qxh5+ Ke7 24. Rg7+ Kd8 25. Qh7 Kc8
26. Rxc7+ Kb8 27. Rxb7+ Kc8 28. Qc7# {Black checkmated} 1-0

[Event "ICC tourney 1979 (3 2)"]
[Site "Internet Chess Club"]
[Date "2020.08.28"]
[Round "2"]
[White "OctopusYule"]
[Black "Snuffleupegus"]
[Result "1-0"]
[ICCResult "Black resigns"]
[WhiteElo "1562"]
[BlackElo "1501"]
[Opening "Pirc: Austrian attack, 6.Bd3"]
[ECO "B07"]
[NIC "PU.02"]
[Time "20:14:08"]
[TimeControl "180+2"]

1. e4 d6 2. d4 g6 3. Nc3 Bg7 4. f4 Nf6 5. Nf3 O-O 6. Bd3 c5 7. e5 dxe5 8.
dxe5 Ne8 9. O-O Nc6 10. Be3 b6 11. Qe2 Bg4 12. h3 Bxf3 13. Qxf3 Nd4 14. Bxd4
Qxd4+ 15. Kh1 f6 16. e6 Nc7 17. Rad1 Qd6 18. Rfe1 Rad8 19. Bxg6 Nd5 20. Rxd5
Qc6 21. Bf7+ Kh8 22. Rxd8 Qxf3 23. Rxf8+ Bxf8 24. gxf3 {Black resigns} 1-0

[Event "ICC tourney 1979 (3 2)"]
[Site "Internet Chess Club"]
[Date "2020.08.28"]
[Round "2"]
[White "AJRChess2011"]
[Black "Baggs"]
[Result "0-1"]
[ICCResult "White checkmated"]
[WhiteElo "1368"]
[BlackElo "1226"]
[Opening "French: exchange variation"]
[ECO "C01"]
[NIC "FR.01"]
[Time "20:14:14"]
[TimeControl "180+2"]

1. e4 e6 2. d4 d5 3. exd5 exd5 4. Nc3 Nf6 5. Qe2+ Be6 6. Nf3 Bb4 7. Ng5 Qd7
8. Nxe6 Qxe6 9. Be3 Bxc3+ 10. bxc3 O-O 11. Rb1 b6 12. Qf3 Ne4 13. Rb3 Nc6
14. Be2 Na5 15. Ra3 Nc4 16. Bxc4 dxc4 17. O-O Nd6 18. Re1 Qf5 19. Qg3 a5 20.
Bh6 Qg6 21. Bf4 Nf5 22. Qh3 Nd6 23. Qe3 Rae8 24. Qd2 Rxe1+ 25. Qxe1 Qxc2 26.
Qc1 Qxc1+ 27. Bxc1 Re8 28. Bd2 Re2 29. g3 Rxd2 30. Kg2 Ne4 31. Kh3 Rxf2 32.
Kg4 f5+ 33. Kh3 g5 34. Ra4 g4+ 35. Kh4 Rxh2# {White checkmated} 0-1

[Event "ICC tourney 1979 (3 2)"]
[Site "Internet Chess Club"]
[Date "2020.08.28"]
[Round "2"]
[White "challenger2010"]
[Black "PearsonH"]
[Result "1-0"]
[ICCResult "Black resigns"]
[WhiteElo "2021"]
[BlackElo "1368"]
[Opening "French: advance, Paulsen attack"]
[ECO "C02"]
[NIC "FR.03"]
[Time "20:14:08"]
[TimeControl "180+2"]

1. e4 e6 2. d4 d5 3. e5 c5 4. c3 Nc6 5. Nf3 Qb6 6. g3 cxd4 7. cxd4 Bd7 8.
Bh3 Nge7 9. O-O g6 10. Nc3 Nf5 11. Bxf5 gxf5 12. b3 Be7 13. Bh6 O-O-O 14.
Ne2 Kb8 15. Bg5 Rhg8 16. Bxe7 Nxe7 17. Qd2 Ng6 18. Kh1 h5 19. h4 Ne7 20. Nf4
Rh8 21. Ng5 Be8 22. Rac1 Ng6 23. Nxg6 fxg6 24. Rc5 Bd7 25. Nf7 Rdf8 26. Nxh8
Rxh8 27. Qg5 Be8 28. Rfc1 Bf7 29. Qf6 Qd8 30. Qxf7 Rf8 31. Qxe6 Re8 32. Qxg6
Rg8 33. Qxf5 b6 34. Rc8+ {Black resigns} 1-0

[Event "ICC tourney 1979 (3 2)"]
[Site "Internet Chess Club"]
[Date "2020.08.28"]
[Round "2"]
[White "stephenwilly"]
[Black "hursha6b5"]
[Result "1-0"]
[ICCResult "Black checkmated"]
[WhiteElo "1559"]
[BlackElo "1597"]
[Opening "Giuoco Pianissimo: Canal variation"]
[ECO "C50"]
[NIC "IG.02"]
[Time "20:14:05"]
[TimeControl "180+2"]

1. e4 e5 2. Nf3 Nc6 3. Bc4 Bc5 4. Nc3 Nf6 5. d3 d6 6. Bg5 h6 7. Bh4 g5 8.
Bg3 Bg4 9. h4 gxh4 10. Bxh4 Nd4 11. Nd5 Nxd5 12. Bxd8 Nf4 13. Kf1 Nxg2 14.
Bxf7+ Kxd8 15. Bh5 Bxh5 16. Rxh5 Nf4 17. Nxd4 Bxd4 18. Rf5 h5 19. c3 Bb6 20.
d4 Ng6 21. dxe5 h4 22. exd6 h3 23. dxc7+ Kxc7 24. Rf7+ Kc6 25. Qd5#
{Black checkmated}
1-0

[Event "ICC tourney 1979 (3 2)"]
[Site "Internet Chess Club"]
[Date "2020.08.28"]
[Round "2"]
[White "NonnaThat"]
[Black "Jeffchess"]
[Result "1-0"]
[ICCResult "Black checkmated"]
[WhiteElo "1889"]
[BlackElo "1306"]
[Opening "French defense"]
[ECO "C01"]
[NIC "FR.01"]
[Time "20:14:21"]
[TimeControl "180+2"]

1. e4 e6 2. d4 c6 3. Nc3 d5 4. Nf3 dxe4 5. Nxe4 Nf6 6. Nxf6+ Qxf6 7. Bd3
Bb4+ 8. c3 Ba5 9. O-O O-O 10. Bg5 Bd8 11. Bxf6 Bxf6 12. Bc2 Rd8 13. Qd3 g6
14. h4 Bg7 15. Rfe1 c5 16. h5 cxd4 17. cxd4 Nc6 18. hxg6 hxg6 19. Qe4 f5 20.
Qh4 Bd7 21. Ng5 Kf8 22. Nxe6+ Bxe6 23. Rxe6 Nxd4 24. Rf6+ Kg8 25. Rxg6 Re8
26. Bb3+ Kf8 27. Rf6+ Ke7 28. Rf7+ Kd6 29. Rxg7 Ne2+ 30. Kf1 Rac8 31. Rd1+
Kc5 32. Qc4+ Kb6 33. Rd6+ Ka5 34. Qa4# {Black checkmated} 1-0

[Event "ICC tourney 1979 (3 2)"]
[Site "Internet Chess Club"]
[Date "2020.08.28"]
[Round "2"]
[White "Checkmatestone"]
[Black "cjcardoso"]
[Result "1-0"]
[ICCResult "Black resigns"]
[WhiteElo "1435"]
[BlackElo "1419"]
[Opening "Caro-Kann: advance variation"]
[ECO "B12"]
[NIC "CK.04"]
[Time "20:14:58"]
[TimeControl "180+2"]

1. e4 c6 2. d4 d5 3. e5 Bf5 4. Bd3 Bxd3 5. Qxd3 e6 6. Nf3 Ne7 7. h3 Nd7 8.
O-O c5 9. c3 Nc6 10. Be3 c4 11. Qe2 Be7 12. Nbd2 O-O 13. b4 b5 14. a4 a6 15.
axb5 axb5 16. Rfb1 Nb6 17. Nf1 Na4 18. Qc2 Qc7 19. Ra2 Ra7 20. Rba1 Rfa8 21.
Ng3 Nb6 22. Nh5 Rxa2 23. Rxa2 Rxa2 24. Qxa2 Qa7 25. Qxa7 Nxa7 26. Nf4 Na4
27. Ne2 f6 28. Nd2 fxe5 29. dxe5 Nc6 30. f4 h6 31. Nb1 g5 32. g3 Kg7 33. Na3
Na7 34. Bxa7 gxf4 35. gxf4 Nb2 36. Nxb5 {Black resigns} 1-0

[Event "ICC tourney 1979 (3 2)"]
[Site "Internet Chess Club"]
[Date "2020.08.28"]
[Round "2"]
[White "Kinawa"]
[Black "chessrex"]
[Result "0-1"]
[ICCResult "White checkmated"]
[WhiteElo "1526"]
[BlackElo "1967"]
[Opening "Philidor: Philidor counter-gambit"]
[ECO "C41"]
[NIC "KP.08"]
[Time "20:14:11"]
[TimeControl "180+2"]

1. e4 e5 2. Nf3 d6 3. d4 f5 4. dxe5 fxe4 5. Ng5 d5 6. Nc3 Bb4 7. Bd2 Bxc3 8.
Bxc3 Qxg5 9. Qxd5 Ne7 10. Qxe4 Qf5 11. Qa4+ Bd7 12. Bb5 a6 13. Bxd7+ Qxd7
14. Qh4 O-O 15. O-O Nf5 16. Qg4 Qe6 17. Rad1 Nc6 18. Rfe1 Rae8 19. a3 Nh6
20. Qg3 Qg6 21. Qxg6 hxg6 22. e6 Nf5 23. Rd7 Re7 24. Rxe7 Nfxe7 25. Be5 Nxe5
26. Rxe5 Rd8 27. g3 Rd5 28. Rxd5 Nxd5 29. Kg2 Kf8 30. Kf3 Ke7 31. Ke4 Kxe6
32. c4 Nf6+ 33. Kf4 c5 34. Kg5 Kf7 35. f3 b5 36. cxb5 axb5 37. b3 Nd5 38. f4
c4 39. bxc4 bxc4 40. f5 c3 41. fxg6+ Ke6 42. a4 c2 43. a5 c1=Q+ 44. Kg4 Qc4+
45. Kh3 Kf5 46. a6 Ne3 47. a7 Qg4# {White checkmated} 0-1

[Event "ICC tourney 1979 (3 2)"]
[Site "Internet Chess Club"]
[Date "2020.08.28"]
[Round "2"]
[White "Snowzera"]
[Black "Viking21"]
[Result "0-1"]
[ICCResult "White checkmated"]
[WhiteElo "1399"]
[BlackElo "1497"]
[Opening "Alekhine's defense"]
[ECO "B02"]
[NIC "AL.10"]
[Time "20:14:05"]
[TimeControl "180+2"]

1. e4 Nf6 2. e5 Nd5 3. Bc4 Nb6 4. Bb3 d6 5. exd6 exd6 6. Qe2+ Be7 7. Nf3 O-O
8. O-O Re8 9. d4 Bg4 10. Nc3 Nc6 11. d5 Nd4 12. Qd3 Nxf3+ 13. gxf3 Bh3 14.
Re1 Bh4 15. Rxe8+ Qxe8 16. Bf4 Qe7 17. Bg3 Bxg3 18. hxg3 Re8 19. Kh2 Bd7 20.
Ne4 Qe5 21. Rb1 Qh5+ 22. Kg1 a5 23. f4 a4 24. Bc4 Bf5 25. Nf6+ gxf6 26. Qc3
Nxc4 27. Qxc4 Be4 28. f3 Qxf3 29. Qf1 Qxg3+ 30. Qg2 Qxg2# {White checkmated}
0-1

[Event "ICC tourney 1979 (3 2)"]
[Site "Internet Chess Club"]
[Date "2020.08.28"]
[Round "2"]
[White "kushagra12"]
[Black "MIEMBR"]
[Result "0-1"]
[ICCResult "White checkmated"]
[WhiteElo "1418"]
[BlackElo "1549"]
[Opening "Sicilian defense"]
[ECO "B44"]
[NIC "SI.39"]
[Time "20:14:11"]
[TimeControl "180+2"]

1. e4 c5 2. Nf3 e6 3. d4 cxd4 4. Nxd4 Nc6 5. Nxc6 bxc6 6. Nc3 Qc7 7. Be2 Nf6
8. O-O Bb4 9. Bf3 O-O 10. Bg5 Be7 11. Bxf6 Bxf6 12. Qd2 d5 13. exd5 cxd5 14.
Rfe1 Rb8 15. Bxd5 Bxc3 16. bxc3 exd5 17. Qxd5 Qxc3 18. Rad1 Be6 19. Qd6 Qb4
20. Qa6 Rbd8 21. Rb1 Qc3 22. Qxa7 Qxc2 23. Rec1 Qxa2 24. Qc7 Rc8 25. Qe7 Qd5
26. Rxc8 Rxc8 27. h3 h6 28. Qb4 Qc4 29. Qb2 Qd3 30. Qb7 Rc2 31. Qb8+ Kh7 32.
Qf4 Qf5 33. Qa4 Qxf2+ 34. Kh1 Qxg2# {White checkmated} 0-1

[Event "ICC tourney 1979 (3 2)"]
[Site "Internet Chess Club"]
[Date "2020.08.28"]
[Round "2"]
[White "CastledQueen"]
[Black "Aadarsh99"]
[Result "1-0"]
[ICCResult "Black checkmated"]
[WhiteElo "1521"]
[BlackElo "1270"]
[Opening "French: advance variation"]
[ECO "C02"]
[NIC "FR.03"]
[Time "20:14:16"]
[TimeControl "180+2"]

1. e4 e6 2. d4 d5 3. e5 c5 4. c4 cxd4 5. Nf3 Nc6 6. Bf4 Nge7 7. Nxd4 Qb6 8.
Nxc6 Nxc6 9. cxd5 exd5 10. Nc3 Qxb2 11. Rc1 d4 12. Rc2 Qb4 13. Bd3 dxc3 14.
Be3 Nxe5 15. Be2 Be6 16. O-O Rd8 17. Qe1 Bc5 18. Rxc3 Bxe3 19. fxe3 Qb6 20.
Qg3 Ng6 21. h4 Qa5 22. Rc7 Qe5 23. Bb5+ Kf8 24. Qxe5 Nxe5 25. Rxb7 Bxa2 26.
Rxa7 Be6 27. Ra6 Bc4 28. Bxc4 Nxc4 29. Ra7 f6 30. e4 Re8 31. Rb1 Nd6 32. Rd7
Nxe4 33. Rbb7 g6 34. Rf7+ Kg8 35. Rg7+ Kf8 36. Rbf7# {Black checkmated} 1-0

[Event "ICC tourney 1979 (3 2)"]
[Site "Internet Chess Club"]
[Date "2020.08.28"]
[Round "2"]
[White "UltimateDL"]
[Black "aryababu25"]
[Result "1-0"]
[ICCResult "Black resigns"]
[WhiteElo "1406"]
[BlackElo "1386"]
[Opening "Scotch: Steinitz variation"]
[ECO "C45"]
[NIC "SO.04"]
[Time "20:14:11"]
[TimeControl "180+2"]

1. e4 e5 2. Nf3 Nc6 3. d4 exd4 4. Nxd4 Qh4 5. Nc3 Bb4 6. Nb5 a6 7. Nxc7+ Kd8
8. Nxa8 Bxc3+ 9. bxc3 Qxe4+ 10. Be3 Nf6 11. Qd3 Qe6 12. Be2 Ne5 13. Qd2 Ne4
14. Qd4 Nc6 15. Qb6+ Ke7 16. Bc5+ Ke8 17. Bd4 Ke7 18. Nc7 Qd6 19. O-O Rf8
20. f3 f5 21. fxe4 fxe4 22. Bc5 Rf6 23. Bxd6+ Rxd6 24. Qc5 {Black resigns}
1-0

[Event "ICC tourney 1979 (3 2)"]
[Site "Internet Chess Club"]
[Date "2020.08.28"]
[Round "2"]
[White "ztraynor"]
[Black "BillietheKid"]
[Result "0-1"]
[ICCResult "White checkmated"]
[WhiteElo "1235"]
[BlackElo "1453"]
[Opening "Queen's pawn, Mason variation"]
[ECO "D00"]
[NIC "QP.08"]
[Time "20:14:10"]
[TimeControl "180+2"]

1. d4 d5 2. Bf4 e6 3. e3 Nf6 4. Nf3 c5 5. Bd3 Nc6 6. c3 Qb6 7. b3 cxd4 8.
exd4 Ne4 9. Bxe4 dxe4 10. Ne5 Be7 11. O-O O-O 12. Nd2 Nxe5 13. Bxe5 f6 14.
Bg3 Qc6 15. Re1 f5 16. c4 Bf6 17. Be5 Bxe5 18. dxe5 Bd7 19. f3 exf3 20. Nxf3
Rad8 21. Nd4 Qb6 22. Re2 Bc8 23. Rd2 Qc5 24. a3 Qxe5 25. Nf3 Qc5+ 26. Kh1
Rxd2 27. Qxd2 e5 28. Qd5+ Qxd5 29. cxd5 e4 30. Nd4 Bd7 31. Rc1 f4 32. g3 f3
33. Rf1 Bg4 34. Ne6 Bxe6 35. dxe6 Re8 36. h4 Rxe6 37. Kg1 Kf7 38. Kf2 Kf6
39. Re1 Ke5 40. Ke3 Rc6 41. Kf2 Rc2+ 42. Kf1 Rc3 43. Rb1 e3 44. a4 Ke4 45.
Rd1 Rxb3 46. Rd7 Rb1+ 47. Rd1 Rxd1# {White checkmated} 0-1

[Event "ICC tourney 1979 (3 2)"]
[Site "Internet Chess Club"]
[Date "2020.08.28"]
[Round "2"]
[White "shrey16ultimate"]
[Black "nbankulla"]
[Result "1-0"]
[ICCResult "Black checkmated"]
[WhiteElo "1509"]
[BlackElo "1202"]
[Opening "Queen's pawn: Charlick (Englund) gambit"]
[ECO "A40"]
[NIC "QO.17"]
[Time "20:14:04"]
[TimeControl "180+2"]

1. d4 e5 2. dxe5 Nc6 3. Nf3 Qe7 4. Bf4 Qb4+ 5. Bd2 Qxb2 6. Nc3 Bb4 7. Rb1
Qa3 8. Nb5 Bxd2+ 9. Qxd2 Qxa2 10. Rd1 Kd8 11. Ng5 h6 12. Nf3 Nge7 13. e4 a6
14. Nc3 Qa5 15. Bc4 Nxe5 16. Nxe5 Qxe5 17. Bxf7 d6 18. O-O Rf8 19. Bb3 Be6
20. Bxe6 Qxe6 21. Rb1 Rb8 22. Rfe1 Nc6 23. Rbd1 Ne5 24. f4 Nc4 25. Qf2 Nb6
26. e5 Nc4 27. exd6 Nxd6 28. Rxe6 Kd7 29. Rexd6+ cxd6 30. g3 Rfe8 31. Qd4
Rbc8 32. Qxd6# {Black checkmated} 1-0

[Event "ICC tourney 1979 (3 2)"]
[Site "Internet Chess Club"]
[Date "2020.08.28"]
[Round "2"]
[White "VirginiaGuy"]
[Black "sanjayselvam"]
[Result "0-1"]
[ICCResult "White checkmated"]
[WhiteElo "1338"]
[BlackElo "1465"]
[Opening "Queen's pawn game"]
[ECO "D05"]
[NIC "QP.06"]
[Time "20:14:17"]
[TimeControl "180+2"]

1. d4 Nf6 2. Nf3 d5 3. e3 e6 4. Bd3 c6 5. Nbd2 Be7 6. b3 b6 7. Bb2 Bb7 8.
O-O O-O 9. Ne5 Nbd7 10. f4 c5 11. Rf3 a6 12. Rh3 h6 13. g4 Nxe5 14. dxe5 Ne4
15. g5 Nxd2 16. Qxd2 d4 17. gxh6 dxe3 18. Qxe3 Qd5 19. Kf2 Qg2+ 20. Ke1 g6
21. Qg3 Qh1+ 22. Kd2 Qd5 23. h7+ Kh8 24. Rg1 b5 25. Kc1 c4 26. Be2 cxb3 27.
axb3 Bc5 28. Rf1 Rac8 29. Bf3 Be3+ 30. Kb1 Qd2 31. Re1 Rxc2 32. Re2 Rxb2+
33. Ka1 Qc1# {White checkmated} 0-1

[Event "ICC tourney 1979 (3 2)"]
[Site "Internet Chess Club"]
[Date "2020.08.28"]
[Round "2"]
[White "SuperBlueSky"]
[Black "oxdidi"]
[Result "1-0"]
[ICCResult "Black forfeits on time"]
[WhiteElo "1340"]
[BlackElo "1127"]
[Opening "King's Indian: 6.Be2"]
[ECO "E91"]
[NIC "KI.19"]
[Time "20:14:11"]
[TimeControl "180+2"]

1. d4 Nf6 2. c4 g6 3. Nc3 Bg7 4. e4 d6 5. Nf3 O-O 6. Be2 Nbd7 7. O-O b6 8.
a4 a5 9. Ne1 Bb7 10. f3 c5 11. d5 e6 12. Bf4 e5 13. Be3 Qe7 14. Nc2 Rfe8 15.
Na3 h5 16. Nab5 Rec8 17. Qc2 Nf8 18. f4 exf4 19. Bxf4 Re8 20. Bxd6 Qd7 21.
e5 Ng4 22. Bxg4 Qxg4 23. Nc7 Bxe5 24. Nxe8 Bd4+ 25. Kh1 Rxe8 26. Bxf8 Kxf8
27. Rae1 Rd8 28. Qe2 Qh4 29. Nb5 Kg7 30. Nxd4 cxd4 31. Qf2 Qxf2 32. Rxf2 f5
33. h3 Kf6 34. Re6+ Kg5 35. g3 h4 36. gxh4+ Kxh4 37. Rxb6 Bc8 38. Rd2 Re8
39. Rxd4+ Kxh3 40. Rd3+ Kg4 41. Rxg6+ Kf4 42. d6 Bb7+ 43. Kg1 Re1+ 44. Kf2
Rc1 45. d7 Rc2+ 46. Ke1 Rc1+ 47. Kd2 Rh1 48. d8=Q Rh2+ 49. Kc3
{Black forfeits on time}
1-0

[Event "ICC tourney 1979 (3 2)"]
[Site "Internet Chess Club"]
[Date "2020.08.28"]
[Round "2"]
[White "stgummadi"]
[Black "weakfish"]
[Result "0-1"]
[ICCResult "White checkmated"]
[WhiteElo "1139"]
[BlackElo "1294"]
[Opening "Caro-Kann: advance variation"]
[ECO "B12"]
[NIC "CK.04"]
[Time "20:14:58"]
[TimeControl "180+2"]

1. e4 c6 2. d4 d5 3. e5 Bf5 4. c3 e6 5. Nf3 h6 6. Bd3 Bxd3 7. Qxd3 Nd7 8.
Be3 Ne7 9. O-O Nf5 10. Bf4 Rc8 11. Nbd2 c5 12. Qc2 cxd4 13. Qd3 dxc3 14.
bxc3 Be7 15. Nb3 O-O 16. Nbd4 Nxd4 17. cxd4 Qa5 18. Bd2 Bb4 19. Bxb4 Qxb4
20. a3 Qc3 21. Rfd1 Qxd3 22. Rxd3 Rc2 23. Rdd1 Rfc8 24. Kf1 b6 25. a4 Nf8
26. a5 bxa5 27. Rxa5 R8c7 28. Raa1 Ng6 29. g3 Ne7 30. Ra3 R2c3 31. Rda1 Nf5
32. Rxa7 Rxa7 33. Rxa7 Rxf3 34. Kg2 Rd3 35. g4 Nxd4 36. f3 Nc6 37. Rc7 Nxe5
38. Kf2 Rxf3+ 39. Ke2 Rh3 40. Rc8+ Kh7 41. Ke1 Rxh2 42. Rc7 Kg6 43. Kf1 Nxg4
44. Kg1 Ra2 45. Kf1 h5 46. Kg1 h4 47. Kf1 h3 48. Kg1 d4 49. Rd7 e5 50. Kh1
Ra1# {White checkmated} 0-1

[Event "ICC tourney 1979 (3 2)"]
[Site "Internet Chess Club"]
[Date "2020.08.28"]
[Round "2"]
[White "jthebest"]
[Black "auggie29"]
[Result "0-1"]
[ICCResult "White forfeits on time"]
[WhiteElo "1226"]
[BlackElo "1361"]
[Opening "French: exchange variation"]
[ECO "C01"]
[NIC "FR.01"]
[Time "20:14:42"]
[TimeControl "180+2"]

1. e4 e6 2. d4 d5 3. exd5 exd5 4. c4 c6 5. Nc3 Nf6 6. Nf3 Be6 7. b3 c5 8.
Bd3 Nc6 9. Be3 cxd4 10. Bxd4 Nxd4 11. Nxd4 Bc5 12. Nxe6 fxe6 13. O-O O-O 14.
Rc1 Qd7 15. h3 Rae8 16. Bb1 a6 17. Re1 Bb6 18. Re5 d4 19. Ne4 Nxe4 20. Rxe4
Rd8 21. Rc2 d3 22. Rd2 Bxf2+ 23. Rxf2 Rxf2 24. Kxf2 d2 25. Rh4 Qd6 26. Bxh7+
Kf8 27. Qf3+ Ke8 28. Qh5+ Ke7 29. Qg6 Qb6+ 30. Kg3 d1=Q 31. Qxg7+ Kd6 32.
Rd4+ Qbxd4 {White forfeits on time} 0-1

[Event "ICC tourney 1979 (3 2)"]
[Site "Internet Chess Club"]
[Date "2020.08.28"]
[Round "2"]
[White "kurohaze"]
[Black "clair"]
[Result "1/2-1/2"]
[ICCResult "Game drawn because neither player has mating material"]
[WhiteElo "1436"]
[BlackElo "1261"]
[Opening "Modern defense"]
[ECO "A40"]
[NIC "QO.17"]
[Time "20:14:02"]
[TimeControl "180+2"]

1. d4 g6 2. Nf3 Bg7 3. e3 e6 4. Be2 Ne7 5. O-O O-O 6. c4 d6 7. a3 Nd7 8. Nc3
b6 9. Qc2 Bb7 10. b4 c5 11. bxc5 dxc5 12. Rd1 Qc7 13. Bb2 Rad8 14. Rac1 cxd4
15. exd4 Bxf3 16. Nb5 Qb8 17. Bxf3 a6 18. Nc3 Nf5 19. Ne4 Nf6 20. Nxf6+ Bxf6
21. d5 Bxb2 22. Qxb2 exd5 23. Bxd5 Qc7 24. a4 Rd6 25. Qe5 Qe7 26. Re1 Qxe5
27. Rxe5 Rfd8 28. g3 Kf8 29. Rce1 h5 30. Kg2 b5 31. axb5 axb5 32. R5e2 bxc4
33. Bxc4 Nd4 34. Rb2 Nf5 35. h4 Rd2 36. Rb7 R2d7 37. Rxd7 Rxd7 38. Re4 Rc7
39. Bd5 Nd6 40. Rf4 Nf5 41. f3 Kg7 42. g4 Nxh4+ 43. Kg3 g5 44. Ra4 Rc2 45.
gxh5 Rg2+ 46. Kh3 Rd2 47. Be4 f5 48. Ra7+ Kh6 49. Ra6+ Kxh5 50. Bb7 Nxf3 51.
Kg3 g4 52. Bxf3 gxf3 53. Kxf3 Rd3+ 54. Kf4 Rd5 55. Ra2 Kg6 56. Rg2+ Kf6 57.
Rh2 Rd4+ 58. Ke3 Rg4 59. Rh6+ Kg5 60. Ra6 f4+ 61. Ke4 Rg3 62. Ra5+ Kg4 63.
Ra4 f3 64. Ke3+ Kh3 65. Ra2 Rg2 66. Rf2 Rxf2 67. Kxf2 Kg4 68. Kg1 f2+ 69.
Kg2 f1=Q+ 70. Kxf1 {Game drawn because neither player has mating material}
1/2-1/2

[Event "ICC tourney 1979 (3 2)"]
[Site "Internet Chess Club"]
[Date "2020.08.28"]
[Round "2"]
[White "drberkley"]
[Black "Alec-hine"]
[Result "0-1"]
[ICCResult "White checkmated"]
[WhiteElo "1472"]
[BlackElo "1732"]
[Opening "French: Rubinstein variation"]
[ECO "C10"]
[NIC "FR.07"]
[Time "20:14:05"]
[TimeControl "180+2"]

1. e4 e6 2. Nc3 d5 3. d4 dxe4 4. Nxe4 Nd7 5. Nf3 Ngf6 6. Neg5 Be7 7. Bd3 h6
8. Ne4 Nxe4 9. Bxe4 Nf6 10. Bd3 O-O 11. O-O b6 12. c3 Bb7 13. Re1 c5 14.
dxc5 Bxc5 15. Ne5 Qe7 16. Be3 Bxe3 17. Rxe3 Rad8 18. Qa4 Rd6 19. Rae1 Rfd8
20. Bc2 Rd2 21. R3e2 Rxe2 22. Rxe2 a6 23. Qh4 Nd5 24. Qe4 Nf6 25. Qh4 Qd6
26. h3 b5 27. Ng4 Nxg4 28. Qxg4 Bd5 29. Re3 Qe7 30. Rg3 Qf6 31. Qb4 Bb7 32.
Qa5 Rd2 33. f3 Rxc2 34. Qb6 Bd5 35. Qb8+ Kh7 36. Qb6 Rxb2 37. Qc7 Rxa2 38.
Qd6 Ra4 39. Qc5 Rc4 40. Qb6 Rxc3 41. Qxa6 b4 42. Qb5 b3 43. Qb4 Rc4 44. Qe1
b2 45. Qb1+ g6 46. Rg4 Rc1+ 47. Qxc1 bxc1=Q+ 48. Kh2 Qff4+ 49. Rg3 Qe1 50.
h4 Qexg3+ 51. Kh1 Qc1# {White checkmated} 0-1

[Event "ICC tourney 1979 (3 2)"]
[Site "Internet Chess Club"]
[Date "2020.08.28"]
[Round "2"]
[White "ChessMonkey123"]
[Black "blackjack721"]
[Result "1/2-1/2"]
[ICCResult "Game drawn by repetition"]
[WhiteElo "1340"]
[BlackElo "1319"]
[Opening "Giuoco Piano"]
[ECO "C54"]
[NIC "IG.02"]
[Time "20:14:02"]
[TimeControl "180+2"]

1. e4 e5 2. Nf3 Nc6 3. Bc4 Bc5 4. c3 Nf6 5. d4 exd4 6. e5 Ne4 7. cxd4 Nxd4
8. Nxd4 Qh4 9. Be3 d5 10. exd6 cxd6 11. Bb5+ Kf8 12. Qf3 Ng5 13. Bxg5 Qxg5
14. Ne2 Bb4+ 15. Nbc3 Qxb5 16. O-O Bxc3 17. Nxc3 Qg5 18. Rfe1 Be6 19. Rxe6
Kg8 20. Rxd6 h5 21. Rad1 Re8 22. Ne4 Qe5 23. Rd8 Kh7 24. Rxe8 Rxe8 25. Re1
g6 26. h3 Qxb2 27. Nf6+ Kh6 28. Qf4+ g5 29. Ng4+ hxg4 30. Qd6+ Re6 31. Rxe6+
fxe6 32. Qxe6+ Kg7 33. Qe7+ Kg6 34. Qe8+ Kf5 35. Qd7+ Kg6 36. Qe6+ Kg7 37.
hxg4 Qc1+ 38. Kh2 Qf4+ 39. Kh3 Qxf2 40. Qe7+ Kg6 41. Qe6+ Qf6 42. Qe4+ Kf7
43. Qxb7+ Kg6 44. Qe4+ Kf7 45. Qh7+ Qg7 46. Qh5+ Kf6 47. Kg3 Qc7+ 48. Kh3
Qc3+ 49. g3 Qf3 50. Qh8+ Ke6 51. Qe8+ Kd6 52. Qd8+ Kc5 53. Qc7+ Kb4 54. Qe7+
Kc3 55. Qc5+ Kb2 56. Qd4+ Kxa2 57. Qxa7+ Kb2 58. Qg1 Qe2 59. Qg2 Qxg2+ 60.
Kxg2 Kc3 61. Kf3 Kd4 62. Kf2 Ke4 63. Kg2 Ke3 64. Kh2 Kf3 65. Kh3 Kf2 66. Kh2
Kf3 67. Kh3 Kf2 68. Kh2 Kf3 69. Kh3 Kf2 70. Kh2 {Game drawn by repetition}
1/2-1/2

[Event "ICC tourney 1979 (3 2)"]
[Site "Internet Chess Club"]
[Date "2020.08.28"]
[Round "2"]
[White "EsatERGIN"]
[Black "QueenHM"]
[Result "0-1"]
[ICCResult "White resigns"]
[WhiteElo "1658"]
[BlackElo "1494"]
[Opening "Pirc: classical (two knights) system"]
[ECO "B08"]
[NIC "PU.10"]
[Time "20:14:02"]
[TimeControl "180+2"]

1. e4 d6 2. d4 Nf6 3. Nc3 g6 4. Nf3 Bg7 5. Be3 O-O 6. Qd2 Bg4 7. Ng5 c5 8.
h3 Bd7 9. Nf3 cxd4 10. Nxd4 Nc6 11. Be2 Rc8 12. f4 a6 13. O-O b5 14. a3 Nxd4
15. Bxd4 Bc6 16. Bf3 Nd7 17. Rad1 Bxd4+ 18. Qxd4 Qb6 19. Ne2 Qxd4+ 20. Nxd4
Ba8 21. c3 Nc5 22. Rfe1 e5 23. Nc2 exf4 24. Rxd6 Rfe8 25. e5 Bxf3 26. gxf3
Na4 27. Rxa6 Nxb2 28. Nd4 Rxc3 29. Nxb5 Rxf3 30. Nd6 Re7 31. Ra8+ Kg7 32.
Ne8+ Kh6 33. Nf6 Rxh3 34. Rh8 Rg3+ 35. Kh2 Kg5 36. Ne4+ Kf5 37. Nxg3+ fxg3+
38. Kxg3 h5 39. Rb8 Nd3 40. Re3 Nxe5 41. Rb5 f6 42. a4 Ke6 43. Rb6+ Kf7 44.
a5 Ra7 45. a6 Nc4 46. Rb7+ Rxb7 47. axb7 Nxe3 48. b8=Q Nf5+ 49. Kh3 Ne7 50.
Qb3+ Kg7 51. Qe6 Kf8 52. Qxf6+ Ke8 53. Kh4 Kd7 54. Kg5 Ke8 55. Qh8+ Kd7 56.
Qg7 Ke6 57. Qf6+ Kd7 58. Kf4 Nd5+ 59. Ke5 Nxf6 60. Kxf6 h4 61. Kxg6 h3
{White resigns}
0-1